[Event "Titled Tuesday Blitz April 26 Early 2022"]
[White "Terry, Renato"]
[Black "Vasquez Schroeder, Rodrigo"]
[WhiteFideId "3803457"]
[BlackFideId "3400042"]
[WhiteElo "2577"]
[BlackElo "2561"]
[Result "1-0"]
[Round "08"]
[TimeControl "180+1"]
[Date "2022.04.26"]
[WhiteClock "0:00:02"]
[BlackClock "0:00:01"]

1. d4 Nf6 2. Bg5 e6 3. e4 h6 4. Bxf6 Qxf6 5. c3 d6 6. Bd3 e5 7. Ne2 g6 8. O-O Bg7 9. f4 Qe7 10. Nd2 Nd7 11. Nf3 O-O 12. Qd2 c5 13. dxe5 dxe5 14. f5 c4 15. Bc2 Nf6 16. h3 Rd8 17. Qe3 b6 18. fxg6 fxg6 19. Nh4 Kh7 20. Qg3 Qe8 21. Rad1 Rxd1 22. Rxd1 Nh5 23. Qe3 Be6 24. g4 Nf6 25. Kg2 Qe7 26. Nf3 Nd7 27. Ng3 Rf8 28. Nf5 Qc5 29. Qxc5 bxc5 30. Rd6 Re8 31. Nxg7 Kxg7 32. Ba4 Re7 33. Rxe6 Rxe6 34. Bxd7 Rd6 35. Bb5 Rb6 36. Bxc4 Rxb2+ 37. Kg3 Kf6 38. Ne1 a5 39. Bb3 a4 40. Bxa4 Rxa2 41. Bb5 Ra3 42. h4 Rxc3+ 43. Kf2 c4 44. Nf3 Rc2+ 45. Ke3 Rc3+ 46. Ke2 g5 47. hxg5+ hxg5 48. Nd2 Rg3 49. Nxc4 Rxg4 50. Bc6 Rg2+ 51. Kf3 Rc2 52. Bd5 Rc3+ 53. Kg4 Rc1 54. Ne3 Rg1+ 55. Kf3 Ke7 56. Kf2 Rh1 57. Kg2 Rb1 58. Nf5+ Kf6 59. Ne3 Rb2+ 60. Kf3 Ke7 61. Nc4 Rb3+ 62. Kg4 Kf6 63. Nd6 Rb1 64. Ne8+ Kg6 65. Nd6 Rg1+ 66. Kf3 Rf1+ 67. Kg2 Rf4 68. Nc4 Kf6 69. Kg3 g4 70. Kh4 Rf1 71. Kxg4 Rg1+ 72. Kf3 Rf1+ 73. Ke3 Rb1 74. Kd3 Rd1+ 75. Ke2 Rd4 76. Ke3 Rd1 77. Nd2 Re1+ 78. Kd3 Rd1 79. Ke2 Rc1 80. Nf1 Ke7 81. Ne3 Kd6 82. Nc4+ Kc5 83. Nxe5 Rc2+ 84. Ke3 Rh2 85. Nd3+ Kd6 86. Kd4 Rh4 87. Ne1 Rh1 88. Nf3 Rd1+ 89. Kc4 Rc1+ 90. Kd3 Rd1+ 91. Nd2 Ke5 92. Bb7 Kf4 93. Ke2 Rc1 94. Bd5 Rc3 95. Nf1 Ke5 96. Nd2 Kf4 97. Bb7 Re3+ 98. Kd1 Rd3 99. Kc2 Rd7 100. Bd5 Ke3 101. Nb3 Rc7+ 102. Kb2 Re7 103. Nc5 Kd4 104. Nb3+ Ke3 105. Nc5 Kd4 106. Ne6+ Rxe6 107. Kc2 1-0


[Site "https://www.chess.com"]

[Event "Titled Tuesday Blitz April 26 Early 2022"]
[White "Terzi, Alexei"]
[Black "Lauridsen, Jesper Morch"]
[WhiteFideId "13505076"]
[BlackFideId "1401890"]
[WhiteElo "2031"]
[BlackElo "2286"]
[Result "1-0"]
[Round "08"]
[TimeControl "180+1"]
[Date "2022.04.26"]
[WhiteClock "0:00:45"]
[BlackClock "0:00:01"]

1. e4 c5 2. Nc3 a6 3. g3 e6 4. Bg2 b5 5. d3 Bb7 6. f4 d5 7. Nf3 b4 8. Ne2 dxe4 9. Ng5 Nf6 10. O-O Nc6 11. Nxe4 Nxe4 12. Bxe4 Qc7 13. f5 exf5 14. Rxf5 O-O-O 15. Bf4 Bd6 16. Bxd6 Rxd6 17. Qf1 Nd8 18. Qf2 Bxe4 19. dxe4 Ne6 20. Nf4 Nxf4 21. Qxf4 f6 22. Qf2 Rc6 23. a3 bxa3 24. Rxa3 Rd8 25. Rd5 Rxd5 26. exd5 Rb6 27. Rc3 Rb5 28. Qf5+ Kb8 29. b3 Qd6 30. Re3 Kb7 31. Re8 Kb6 1-0


[Site "https://www.chess.com"]

[Event "Titled Tuesday Blitz April 26 Early 2022"]
[White "Urazayev, Arystanbek"]
[Black "Demchenko, Anton"]
[WhiteFideId "13709810"]
[BlackFideId "4160258"]
[WhiteElo "2422"]
[BlackElo "2539"]
[Result "1-0"]
[Round "08"]
[TimeControl "180+1"]
[Date "2022.04.26"]
[WhiteClock "0:00:54"]
[BlackClock "0:00:11"]

1. e4 e5 2. Nf3 Nc6 3. Bb5 a6 4. Ba4 Nge7 5. O-O Ng6 6. Nc3 Bc5 7. d3 O-O 8. Nd5 Nce7 9. Bg5 f6 10. Bb3 Nxd5 11. Bxd5+ Kh8 12. Be3 d6 13. d4 Ba7 14. c3 c6 15. Bb3 Qe7 16. Nd2 f5 17. exf5 Bxf5 18. Re1 Qf6 19. Qh5 exd4 20. Bg5 Nf4 21. Qh4 Qg6 22. Bxf4 dxc3 23. bxc3 Rae8 24. Be3 Bxe3 25. Rxe3 Rxe3 26. fxe3 Bd3 27. Bc4 h6 28. Bxd3 Qxd3 29. Qd4 Qe2 30. Rf1 Rxf1+ 31. Nxf1 Qxa2 32. Qxd6 Qb3 33. e4 Qxc3 34. e5 a5 35. e6 Qf6 36. Qd7 1-0


[Site "https://www.chess.com"]

[Event "Titled Tuesday Blitz April 26 Early 2022"]
[White "Vagman, Roy"]
[Black "Ljukin, Sergei"]
[WhiteFideId "2828995"]
[BlackFideId "14102200"]
[WhiteElo "1927"]
[BlackElo "2312"]
[Result "1-0"]
[Round "08"]
[TimeControl "180+1"]
[Date "2022.04.26"]
[WhiteClock "0:01:35"]
[BlackClock "0:01:50"]

1. Nf3 d5 2. e3 Nf6 3. d4 e6 4. c4 c6 5. Nc3 Nbd7 6. cxd5 exd5 7. Bd3 Bd6 8. O-O O-O 9. Rb1 Re8 10. b4 a6 11. a4 Ne4 12. Ne2 f5 13. b5 axb5 14. axb5 Ndf6 15. Nf4 g5 16. Ne2 g4 17. Ne5 Bxe5 18. dxe5 Rxe5 19. Bb2 Re8 20. Nf4 Bd7 21. f3 Nc5 22. Bc2 Ne6 23. Nxe6 Bxe6 24. Qd4 Rf8 25. fxg4 c5 26. Qe5 Qe8 27. g5 1-0


[Site "https://www.chess.com"]

[Event "Titled Tuesday Blitz April 26 Early 2022"]
[White "Vlassov, Nikolai"]
[Black "Jumabayev, Rinat"]
[WhiteFideId "4103360"]
[BlackFideId "13702661"]
[WhiteElo "2407"]
[BlackElo "2561"]
[Result "1-0"]
[Round "08"]
[TimeControl "180+1"]
[Date "2022.04.26"]
[WhiteClock "0:02:34"]
[BlackClock "0:01:58"]

1. e4 c5 2. c3 d6 3. d4 cxd4 4. cxd4 Nf6 5. Nc3 e6 6. f4 Be7 7. Nf3 O-O 8. Bd3 Nc6 9. e5 dxe5 10. fxe5 Nd5 11. h4 Ndb4 12. Bxh7+ Kh8 13. Bb1 g6 14. h5 g5 15. a3 Nd5 16. Nxd5 1-0


[Site "https://www.chess.com"]

[Event "Titled Tuesday Blitz April 26 Early 2022"]
[White "Vokhidov, Shamsiddin"]
[Black "Ambartsumova, Karina"]
[WhiteFideId "14204223"]
[BlackFideId "4166299"]
[WhiteElo "2611"]
[BlackElo "2262"]
[Result "0-1"]
[Round "08"]
[TimeControl "180+1"]
[Date "2022.04.26"]
[WhiteClock "0:00:53"]
[BlackClock "0:00:23"]

1. e4 e5 2. Nf3 Nc6 3. Bb5 a6 4. Ba4 Nf6 5. O-O Be7 6. d3 d6 7. c3 O-O 8. Nbd2 Re8 9. Re1 b5 10. Bc2 Bf8 11. Nf1 h6 12. Ng3 g6 13. d4 Bg7 14. h3 Bb7 15. Bd2 Qd7 16. Qc1 Kh7 17. a4 Na5 18. Rd1 Nc4 19. Be1 exd4 20. cxd4 Nxe4 21. Bxe4 Bxe4 22. Nxe4 Rxe4 23. axb5 Qxb5 24. Qc2 Rae8 25. b3 Nb6 26. Qxc7 d5 27. Qxf7 R8e7 28. Ng5+ hxg5 29. Qf3 Qe2 30. Qg3 Bxd4 31. Rac1 Qxe1+ 32. Rxe1 Rxe1+ 33. Rxe1 Rxe1+ 34. Kh2 Be5 0-1


[Site "https://www.chess.com"]

[Event "Titled Tuesday Blitz April 26 Early 2022"]
[White "Winkels, Marcel"]
[Black "Mohammadian, Mohammad"]
[WhiteFideId "1003887"]
[BlackFideId "12566055"]
[WhiteElo "1900"]
[BlackElo "1544"]
[Result "1-0"]
[Round "08"]
[TimeControl "180+1"]
[Date "2022.04.26"]
[WhiteClock "0:01:20"]
[BlackClock "0:00:45"]

1. e4 e5 2. Nf3 Nc6 3. Bc4 Bc5 4. b4 Bxb4 5. c3 Ba5 6. d4 exd4 7. O-O dxc3 8. Qb3 Qf6 9. Bg5 Qg6 10. Nxc3 Nf6 11. e5 Bxc3 12. Qxc3 Ne4 13. Qe3 Nxg5 14. Nxg5 O-O 15. f4 Ne7 16. Bd3 Qb6 17. Bxh7+ Kh8 18. Qxb6 axb6 19. Be4 Ra4 20. Rf3 f6 21. Rh3+ Kg8 22. Bc2 fxg5 23. Bxa4 Rxf4 24. Bb3+ Kf8 25. Rh8+ Ng8 26. Rxg8+ Ke7 27. Rxc8 Re4 28. Rxc7 Rxe5 29. Rxb7 Re3 30. Rd1 Kf6 31. Rxb6+ Kf5 32. Rxd7 g6 33. Bc2+ Kg4 34. Rb4+ Kh5 35. Rh7# 1-0


[Site "https://www.chess.com"]

[Event "Titled Tuesday Blitz April 26 Early 2022"]
[White "Xiong, Jeffery"]
[Black "Karolczuk, Iwo"]
[WhiteFideId "2047640"]
[BlackFideId "21816972"]
[WhiteElo "2727"]
[BlackElo "2277"]
[Result "1-0"]
[Round "08"]
[TimeControl "180+1"]
[Date "2022.04.26"]
[WhiteClock "0:01:45"]
[BlackClock "0:00:03"]

1. e4 e5 2. Nf3 Nc6 3. Nc3 Nf6 4. d4 exd4 5. Nxd4 Bb4 6. Nxc6 bxc6 7. Bd3 O-O 8. O-O d5 9. exd5 cxd5 10. h3 h6 11. Qf3 Be6 12. Bf4 Bd6 13. Rad1 Rb8 14. b3 Rb4 15. Ne2 Bxf4 16. Nxf4 Qd6 17. c4 d4 18. c5 Qxc5 19. Rc1 Qd6 20. Rc6 Qd7 21. Nxe6 fxe6 22. Rfc1 Rb6 23. Rxc7 Qd6 24. Rxa7 e5 25. Rcc7 Ne8 26. Rf7 Rb8 27. Rxf8+ Qxf8 28. Bc4+ 1-0


[Site "https://www.chess.com"]

[Event "Titled Tuesday Blitz April 26 Early 2022"]
[White "Xu, Yi"]
[Black "Barria Zuniga, Daniel"]
[WhiteFideId "8605564"]
[BlackFideId "3400816"]
[WhiteElo "2471"]
[BlackElo "2414"]
[Result "1-0"]
[Round "08"]
[TimeControl "180+1"]
[Date "2022.04.26"]
[WhiteClock "0:00:12"]
[BlackClock "0:00:04"]

1. e4 e6 2. d4 d5 3. Nc3 Bb4 4. e5 Ne7 5. a3 Bxc3+ 6. bxc3 c5 7. h4 Qa5 8. Bd2 Qa4 9. Qb1 c4 10. h5 h6 11. g3 Nbc6 12. Rh4 Bd7 13. Bh3 O-O-O 14. Ne2 b5 15. Rf4 Rdf8 16. Kf1 Kc7 17. Kg2 Nc8 18. Rf3 Nb6 19. Nf4 Qa5 20. g4 Nxd4 21. cxd4 Qxd2 22. c3 Na4 23. Qb4 Qb2 24. Qd6+ Kc8 25. Re1 Nxc3 26. Ng6 fxg6 27. Rxf8+ Rxf8 28. Qxf8+ Kc7 29. hxg6 Qd2 30. Re3 Qxd4 31. Qxg7 Ne4 32. Qf8 c3 33. g7 c2 34. g8=Q c1=Q 35. Qb8+ Kc6 36. Qa8+ Kb6 37. Qgb8+ Ka5 38. Qbxa7+ Qxa7 39. Qxa7# 1-0


[Site "https://www.chess.com"]

[Event "Titled Tuesday Blitz April 26 Early 2022"]
[White "Abdusattorov, Nodirbek"]
[Black "Ibrahimli, Murad"]
[WhiteFideId "14204118"]
[BlackFideId "13410229"]
[WhiteElo "2663"]
[BlackElo "2109"]
[Result "0-1"]
[Round "09"]
[TimeControl "180+1"]
[Date "2022.04.26"]
[WhiteClock "0:00:17"]
[BlackClock "0:00:03"]

1. c4 Nf6 2. Nc3 c5 3. g3 e6 4. Nf3 b6 5. Bg2 Bb7 6. O-O Be7 7. d4 cxd4 8. Qxd4 O-O 9. Rd1 d6 10. b3 Nbd7 11. Bb2 a6 12. Rac1 Rc8 13. e4 Qc7 14. Qe3 Qb8 15. Nd4 Rfe8 16. h3 Qa8 17. Re1 Ne5 18. Rcd1 Nfd7 19. g4 g5 20. Nde2 Ng6 21. Na4 b5 22. cxb5 axb5 23. Nac3 b4 24. Na4 Qa5 25. Rc1 Nde5 26. Ng3 Nf4 27. Bf1 Bf6 28. Nh5 Nxh5 29. gxh5 h6 30. Red1 Rxc1 31. Rxc1 Rc8 32. Rd1 Bc6 33. f4 gxf4 34. Qxf4 Bg5 35. Qg3 Bxe4 36. Bg2 Bxg2 37. Qxg2 Kh7 38. Rxd6 Rg8 39. Kh1 Bf6 40. Qe4+ Kh8 41. Rd1 Qb5 42. Bd4 Nd7 43. Qf4 Qd5+ 44. Kh2 Qg2# 0-1


[Site "https://www.chess.com"]

[Event "Titled Tuesday Blitz April 26 Early 2022"]
[White "Allahverdiyeva, Ayan"]
[Black "Padmini, Rout"]
[WhiteFideId "13412590"]
[BlackFideId "5029295"]
[WhiteElo "1910"]
[BlackElo "2181"]
[Result "1/2-1/2"]
[Round "09"]
[TimeControl "180+1"]
[Date "2022.04.26"]
[WhiteClock "0:00:02"]
[BlackClock "0:01:13"]

1. e3 e5 2. d4 Nc6 3. Nf3 e4 4. Nfd2 f5 5. c4 Nf6 6. Nc3 Be7 7. Be2 O-O 8. a3 Kh8 9. O-O d6 10. f3 exf3 11. Bxf3 Bd7 12. b4 Ng4 13. Nb3 Bg5 14. Nd5 Be6 15. Bxg4 fxg4 16. Rxf8+ Qxf8 17. Nxc7 Bxc4 18. Nxa8 Qxa8 19. e4 Bxb3 20. Qxb3 Nxd4 21. Qd3 Bf6 22. Bb2 Nf3+ 23. gxf3 Bxb2 24. Rb1 Be5 25. fxg4 Qc8 26. Qf3 h6 27. Rf1 Qc2 28. Qf8+ Kh7 29. Qf5+ Kh8 30. Qf8+ Kh7 31. Qf5+ Kh8 32. Qf8+ 1/2-1/2


[Site "https://www.chess.com"]

[Event "Titled Tuesday Blitz April 26 Early 2022"]
[White "Ambartsumova, Karina"]
[Black "Vakhlamov, Igor L."]
[WhiteFideId "4166299"]
[BlackFideId "24126748"]
[WhiteElo "2262"]
[BlackElo "2401"]
[Result "0-1"]
[Round "09"]
[TimeControl "180+1"]
[Date "2022.04.26"]
[WhiteClock "0:00:08"]
[BlackClock "0:00:11"]

1. d4 d5 2. Nf3 Nf6 3. c4 e6 4. Nc3 c5 5. cxd5 cxd4 6. Qxd4 exd5 7. Bg5 Be7 8. e3 Nc6 9. Qd1 O-O 10. Be2 Be6 11. O-O Qb6 12. b3 Rfd8 13. Nb5 h6 14. Bh4 Bg4 15. Nbd4 g5 16. Bg3 Ne4 17. Nxc6 bxc6 18. Rc1 Bf6 19. Be5 Bxf3 20. Bxf6 Nxf6 21. Bxf3 c5 22. Qd3 Rac8 23. Qe2 Qe6 24. h3 Kg7 25. Rfd1 Rc7 26. Qb5 Qb6 27. Qd3 Rd6 28. Qe2 d4 29. exd4 cxd4 30. Rxc7 Qxc7 31. Qe5 Qd7 32. Rd3 Kg6 33. g3 Qe6 34. Qc5 Qf5 35. Qc2 Kg7 36. Kg2 h5 37. Qd2 g4 38. hxg4 hxg4 39. Bb7 Rd7 40. Ba8 Rd8 41. Bc6 Qc5 42. Bb7 Qb5 0-1


[Site "https://www.chess.com"]

[Event "Titled Tuesday Blitz April 26 Early 2022"]
[White "Andrews, Todd"]
[Black "Sanchez Alvares, Kelvin Antonio"]
[WhiteFideId "2012456"]
[BlackFideId "3906680"]
[WhiteElo "2350"]
[BlackElo "2193"]
[Result "1-0"]
[Round "09"]
[TimeControl "180+1"]
[Date "2022.04.26"]
[WhiteClock "0:00:22"]
[BlackClock "0:00:31"]

1. e4 c5 2. Nf3 e6 3. d3 d5 4. Nbd2 Nf6 5. g3 Nc6 6. Bg2 Be7 7. O-O b5 8. e5 Nd7 9. Re1 g5 10. h3 h5 11. Nf1 g4 12. hxg4 hxg4 13. N3h2 Ncxe5 14. Nxg4 Nxg4 15. Qxg4 Nf6 16. Qe2 Bb7 17. a4 b4 18. a5 a6 19. Bf4 Bd6 20. Be5 Bxe5 21. Qxe5 Rh5 22. Qf4 Rf5 23. Qh4 Qe7 24. Ne3 Rh5 25. Qf4 O-O-O 26. Nf5 Qc7 27. Nd6+ Qxd6 28. Qxf6 Rf5 29. Qg7 Qf8 30. Qxf8 Rxf8 31. c3 bxc3 32. bxc3 d4 33. cxd4 cxd4 34. Rec1+ Kb8 35. Rab1 Rb5 36. Rxb5 axb5 37. Rc5 Ba6 38. Rc6 Ka7 39. Rc7+ Kb8 40. Rc6 Ka7 41. Rd6 b4 42. Rd7+ Kb8 43. Rxd4 Kc7 44. Rxb4 Bxd3 45. Rb7+ Kd6 46. a6 1-0


[Site "https://www.chess.com"]

[Event "Titled Tuesday Blitz April 26 Early 2022"]
[White "Aradhya, Garg"]
[Black "Sarana, Alexey"]
[WhiteFideId "25006746"]
[BlackFideId "24133795"]
[WhiteElo "2169"]
[BlackElo "2666"]
[Result "0-1"]
[Round "09"]
[TimeControl "180+1"]
[Date "2022.04.26"]
[WhiteClock "0:00:12"]
[BlackClock "0:01:28"]

1. d4 Nf6 2. c4 e6 3. Nf3 d5 4. Nc3 Bb4 5. Qa4+ Nc6 6. Bd2 O-O 7. e3 Bd7 8. Qc2 Bd6 9. c5 Be7 10. a3 a5 11. Bb5 Qe8 12. O-O h6 13. Rfe1 b6 14. Bxc6 Bxc6 15. b4 bxc5 16. bxc5 Nd7 17. Rab1 f5 18. Ne2 Bf6 19. Nf4 g5 20. Nd3 g4 21. Nfe5 Nxe5 22. Nxe5 Bxe5 23. dxe5 d4 24. exd4 f4 25. Rb3 Qh5 26. Qd3 Rf5 27. h3 f3 28. hxg4 Qxg4 29. g3 Rh5 30. Qf1 Rh3 31. Bf4 Qh5 0-1


[Site "https://www.chess.com"]

[Event "Titled Tuesday Blitz April 26 Early 2022"]
[White "Avazkhonov, Alikhon"]
[Black "Barria Zuniga, Daniel"]
[WhiteFideId "14208504"]
[BlackFideId "3400816"]
[WhiteElo "1739"]
[BlackElo "2414"]
[Result "0-1"]
[Round "09"]
[TimeControl "180+1"]
[Date "2022.04.26"]
[WhiteClock "0:00:07"]
[BlackClock "0:00:21"]

1. e4 e6 2. d4 d5 3. Nd2 Ne7 4. Ngf3 g6 5. Bd3 Bg7 6. c3 b6 7. O-O O-O 8. Re1 Ba6 9. Nf1 Bxd3 10. Qxd3 c5 11. Bg5 Nbc6 12. Rad1 h6 13. exd5 exd5 14. Bxe7 Nxe7 15. dxc5 bxc5 16. Qe3 d4 17. Qxe7 Qxe7 18. Rxe7 dxc3 19. bxc3 Bxc3 20. Ne3 Rfc8 21. Nd5 Bg7 22. Ne5 c4 23. Rc1 Rc5 24. Nxf7 Rxd5 25. h4 Rf8 26. Rc7 Rxf7 27. R7xc4 Rd2 28. Rc8+ Kh7 29. R8c7 Rfxf2 30. Rxa7 Rxg2+ 31. Kh1 Rh2+ 32. Kg1 Rdg2+ 33. Kf1 Rh1+ 34. Kxg2 Rxc1 35. a4 Rc4 36. Kg3 h5 37. a5 Kh6 38. a6 Be5+ 39. Kh3 Rc3+ 40. Kg2 Rg3+ 41. Kf2 Bd4+ 42. Kxg3 Bxa7 43. Kf4 Kg7 44. Kg5 Kf7 45. Kh6 Kf6 0-1


[Site "https://www.chess.com"]

[Event "Titled Tuesday Blitz April 26 Early 2022"]
[White "Belenkaya, Dina"]
[Black "Stevens, Christian"]
[WhiteFideId "24142654"]
[BlackFideId "2604450"]
[WhiteElo "2196"]
[BlackElo "2535"]
[Result "0-1"]
[Round "09"]
[TimeControl "180+1"]
[Date "2022.04.26"]
[WhiteClock "0:00:04"]
[BlackClock "0:00:18"]

1. e4 c5 2. Nc3 e6 3. Nf3 a6 4. d4 cxd4 5. Nxd4 Qc7 6. Be2 Nf6 7. O-O Nc6 8. Nxc6 bxc6 9. Re1 e5 10. b3 Be7 11. Bb2 O-O 12. Bf1 Bb7 13. Qd3 d5 14. Qg3 d4 15. Na4 c5 16. Ba3 Nxe4 17. Qd3 Nf6 18. Qf5 Bd6 19. f4 Bc8 20. Qg5 h6 21. Qh4 e4 22. Bc4 Bd7 23. Rf1 Rfe8 24. Qg3 Bb5 25. Nb2 e3 26. Rae1 Ne4 27. Qg4 Nd2 28. Kh1 Nxf1 29. Rxf1 Qa5 30. Bxf7+ Kxf7 31. Qf5+ Kg8 32. Qd5+ Kh8 33. Qxd6 Bxf1 34. Bxc5 Qe1 35. Nd3 Bxd3# 0-1


[Site "https://www.chess.com"]

[Event "Titled Tuesday Blitz April 26 Early 2022"]
[White "Belozerov, Andrei"]
[Black "Xu, Yi"]
[WhiteFideId "4120213"]
[BlackFideId "8605564"]
[WhiteElo "2320"]
[BlackElo "2471"]
[Result "0-1"]
[Round "09"]
[TimeControl "180+1"]
[Date "2022.04.26"]
[WhiteClock "0:00:48"]
[BlackClock "0:00:28"]

1. e4 c5 2. Nf3 d6 3. d4 cxd4 4. Nxd4 Nf6 5. Nc3 a6 6. Be3 e5 7. Nb3 Be7 8. f3 Be6 9. Qd2 Nbd7 10. g4 O-O 11. O-O-O b5 12. g5 Nh5 13. Kb1 Nb6 14. Nd5 Nxd5 15. exd5 Bf5 16. Bd3 Qd7 17. Na5 f6 18. Nc6 Bxd3 19. Qxd3 fxg5 20. Rdg1 Nf4 21. Bxf4 Rxf4 22. h4 gxh4 23. Rg4 Bf6 24. Rxf4 exf4 25. Qe4 Re8 26. Qxf4 Re2 27. a3 h6 28. a4 bxa4 29. Qxa4 Qb7 30. Nb4 Qb6 31. c3 a5 32. Nd3 Bxc3 33. Qa3 Bf6 34. Rc1 h3 35. Rc6 Qg1+ 36. Ka2 h2 37. Rc8+ Kh7 38. Ne5 Rxe5 39. Qd3+ Qg6 40. Rh8+ Kxh8 41. Qxg6 h1=Q 0-1


[Site "https://www.chess.com"]

[Event "Titled Tuesday Blitz April 26 Early 2022"]
[White "Bilych, Olexiy"]
[Black "Riehle, Marco"]
[WhiteFideId "14156504"]
[BlackFideId "12904392"]
[WhiteElo "2176"]
[BlackElo "2462"]
[Result "0-1"]
[Round "09"]
[TimeControl "180+1"]
[Date "2022.04.26"]
[WhiteClock "0:00:10"]
[BlackClock "0:01:11"]

1. e4 e5 2. Nf3 Nf6 3. Nxe5 Nxe4 4. Qe2 Qe7 5. Qxe4 d6 6. d4 dxe5 7. dxe5 Nc6 8. Nc3 Qxe5 9. Qxe5+ Nxe5 10. Bf4 f6 11. O-O-O Bd7 12. Bxe5 fxe5 13. Re1 O-O-O 14. Rxe5 Bd6 15. Re1 h5 16. Bd3 h4 17. h3 Rdf8 18. f3 g5 19. Re2 b6 20. Rd1 Re8 21. Be4 a6 22. Nd5 Be6 23. Nxb6+ Kb8 24. Nd5 Rhf8 25. a3 Ka7 26. b4 a5 27. c3 Rd8 28. Kc2 Rfe8 29. Ne3 a4 30. Bd5 Bf5+ 31. Be4 Bxe4+ 32. fxe4 Rxe4 33. Kd3 Rxe3+ 34. Rxe3 Bf4+ 35. Ke2 Rxd1 36. Re6 Rd2+ 37. Kf3 Rd3+ 38. Kg4 Rg3+ 39. Kf5 Rxc3 40. b5 Rxa3 41. Ra6+ Kb7 42. Ke4 Re3+ 43. Kd5 a3 44. Kc4 Bd6 45. Kd4 Re8 46. Kc4 Ra8 47. Rxa8 Kxa8 48. Kb3 Kb7 0-1


[Site "https://www.chess.com"]

[Event "Titled Tuesday Blitz April 26 Early 2022"]
[White "Bortnyk, Olexandr"]
[Black "Andreikin, Dmitry"]
[WhiteFideId "14120828"]
[BlackFideId "4158814"]
[WhiteElo "2723"]
[BlackElo "2736"]
[Result "1-0"]
[Round "09"]
[TimeControl "180+1"]
[Date "2022.04.26"]
[WhiteClock "0:00:10"]
[BlackClock "0:00:09"]

1. d4 Nf6 2. Nc3 d5 3. Bf4 e6 4. Nb5 Na6 5. e3 c6 6. Nc3 b6 7. Nf3 Be7 8. Ne5 Nb8 9. Bd3 O-O 10. Qf3 c5 11. O-O-O Ba6 12. Nc6 Nxc6 13. Bxa6 cxd4 14. exd4 Qd7 15. a3 Na5 16. Rhe1 Rfc8 17. Bxc8 Rxc8 18. Bg5 Nc4 19. Bxf6 Bxf6 20. Qg3 h6 21. Rd3 b5 22. Nd1 b4 23. Kb1 Qa4 24. Ne3 bxa3 25. Nxc4 Rxc4 26. Qb8+ Kh7 27. Qb3 Qa5 28. c3 axb2 29. Kxb2 Bxd4 30. Ra1 Rxc3 31. Rxc3 Qc5 32. Rd1 Bf6 33. Rd2 Qd6 34. Kc2 Qxh2 35. Rg3 Qh5 36. Rf3 Qe5 37. Qd3+ g6 38. Rxf6 Qxf6 39. g3 h5 40. Qc3 Qf5+ 41. Kb2 e5 42. Rxd5 Qxf2+ 43. Rd2 Qb6+ 44. Kc2 Qe6 45. Re2 Qf5+ 46. Kd2 Qg5+ 47. Qe3 Qd8+ 48. Ke1 f6 49. Qxa7+ Kh6 50. Qe3+ g5 51. Rd2 Qa8 52. Kf2 Qh1 53. Qf3 Qxf3+ 54. Kxf3 Kg6 55. Ke4 g4 56. Rd8 Kg5 57. Rg8+ Kh6 58. Kf5 Kh7 59. Rf8 Kg7 60. Rxf6 e4 61. Rg6+ Kh7 62. Re6 h4 63. gxh4 g3 64. Rxe4 g2 65. Rg4 Kh6 66. Rxg2 Kh5 67. Rg4 Kh6 68. Rg5 Kh7 69. Kf6 Kh6 70. Kf7 Kh7 71. Rh5# 1-0


[Site "https://www.chess.com"]

[Event "Titled Tuesday Blitz April 26 Early 2022"]
[White "Bristy, Mukherjee"]
[Black "Terzi, Alexei"]
[WhiteFideId "25077325"]
[BlackFideId "13505076"]
[WhiteElo "1661"]
[BlackElo "2031"]
[Result "1/2-1/2"]
[Round "09"]
[TimeControl "180+1"]
[Date "2022.04.26"]
[WhiteClock "0:00:15"]
[BlackClock "0:00:11"]

1. d4 Nf6 2. Bg5 d5 3. e4 dxe4 4. Nc3 Nbd7 5. Qe2 h6 6. Bh4 c5 7. Nxe4 Nxe4 8. Qxe4 Qa5+ 9. c3 cxd4 10. Qxd4 e5 11. Qd2 g5 12. Bg3 f5 13. f3 Bc5 14. Bd3 f4 15. Bf2 Bxf2+ 16. Qxf2 Qb6 17. Qxb6 Nxb6 18. Ne2 O-O 19. O-O-O g4 20. Kb1 Be6 21. Rhe1 Rae8 22. Ng1 Bc8 23. Bg6 Re6 24. Bc2 Re7 25. Bb3+ Kg7 26. Rd6 Rf6 27. Red1 Rxd6 28. Rxd6 h5 29. a4 Bf5+ 30. Kc1 e4 31. fxg4 hxg4 32. a5 Nc8 33. Rd8 e3 34. Bd1 Rd7 35. Rxd7+ Bxd7 36. Kc2 Kf6 37. Kd3 Ke5 38. b4 Bf5+ 39. Ke2 Nd6 40. h4 gxh3 41. Nxh3 Bg4+ 42. Ke1 Bxd1 43. Kxd1 Ne4 44. Kc2 Ng3 45. Ng1 Ke4 46. Nf3 Nf5 47. b5 Kd5 48. Kd3 Nd6 49. Nd4 Kc5 50. b6 axb6 51. axb6 Kxb6 52. Ne6 e2 53. Kxe2 Kb5 54. Nxf4 Kc4 55. Kd2 Ne4+ 56. Kc2 Nxc3 57. Nd3 Ne4 58. Ne5+ Kd5 59. Nd3 b5 60. Nb4+ Kc4 61. Nd3 Ng3 62. Ne5+ Kc5 63. Nd3+ Kc4 64. Ne5+ Kd5 65. Nd3 Kd4 66. Nf4 Ke4 67. Nd3 Nf5 68. Nc5+ Kd5 69. Nb3 Ne3+ 70. Kd3 Nxg2 71. Kc3 Nf4 72. Kb4 Kc6 73. Nd4+ Kb6 74. Nxb5 1/2-1/2


[Site "https://www.chess.com"]

[Event "Titled Tuesday Blitz April 26 Early 2022"]
[White "Buchenau, Frank"]
[Black "Jarocka, Liwia"]
[WhiteFideId "4604350"]
[BlackFideId "21807558"]
[WhiteElo "2193"]
[BlackElo "1896"]
[Result "1/2-1/2"]
[Round "09"]
[TimeControl "180+1"]
[Date "2022.04.26"]
[WhiteClock "0:00:15"]
[BlackClock "0:00:39"]

1. e4 c6 2. Nf3 d5 3. Nc3 dxe4 4. Nxe4 Nf6 5. Qe2 Nxe4 6. Qxe4 Nd7 7. Bc4 Nf6 8. Ne5 e6 9. Qe2 Bd6 10. d4 O-O 11. O-O Qc7 12. Bf4 b6 13. Rad1 Re8 14. Bd3 Bb7 15. c4 Qe7 16. Rfe1 Rad8 17. Qc2 c5 18. dxc5 Bxc5 19. a3 h6 20. b4 Bd4 21. Nf3 Bxf3 22. gxf3 Qb7 23. Be4 Nxe4 24. Qxe4 Qxe4 25. fxe4 e5 26. Be3 Bxe3 27. fxe3 f6 28. Rd5 Rc8 29. Rc1 Rc7 30. c5 Rec8 31. Kf2 Kf7 32. Kf3 bxc5 33. bxc5 g6 34. h4 Ke6 35. Rd6+ Ke7 36. Ra6 Rxc5 37. Rxc5 Rxc5 38. Rxa7+ Ke6 39. Ra6+ Ke7 40. a4 Rc1 41. Rb6 Ra1 42. Rb4 h5 43. Ke2 g5 44. hxg5 fxg5 45. Rb7+ Ke6 46. Rb6+ Kd7 47. Rb7+ Kd6 48. Rb6+ Kd7 49. Rb7+ Kc6 50. Rg7 g4 51. Rg5 Ra2+ 52. Kd3 Ra3+ 53. Ke2 Ra2+ 54. Kd3 Ra3+ 55. Ke2 Ra2+ 1/2-1/2


[Site "https://www.chess.com"]

[Event "Titled Tuesday Blitz April 26 Early 2022"]
[White "Carrasco Miranda, Andres"]
[Black "Li, Hui"]
[WhiteFideId "3405990"]
[BlackFideId "15400310"]
[WhiteElo "2177"]
[BlackElo "1954"]
[Result "1-0"]
[Round "09"]
[TimeControl "180+1"]
[Date "2022.04.26"]
[WhiteClock "0:00:50"]
[BlackClock "0:00:01"]

1. d4 Nf6 2. c4 e6 3. g3 d5 4. Nf3 Be7 5. Bg2 O-O 6. O-O dxc4 7. Qc2 a6 8. a4 Bd7 9. Qxc4 Bc6 10. Bf4 a5 11. Rd1 Na6 12. Nc3 Nb4 13. Rac1 Bd6 14. Bg5 Bd5 15. Nxd5 exd5 16. Qb3 c6 17. Ne5 Re8 18. Bxf6 Qxf6 19. f4 Qe7 20. Bf3 f6 21. Ng4 h5 22. Nf2 h4 23. e4 hxg3 24. hxg3 Qf7 25. e5 Bf8 26. Kg2 Qg6 27. Rh1 Qf7 28. Nd3 Nxd3 29. Qxd3 f5 30. g4 g6 31. gxf5 Qxf5 32. Qxf5 gxf5 33. Kf2 Bb4 34. Rcg1+ Kf7 35. Bh5+ Ke7 36. Rg7+ Kd8 37. Bxe8 Kxe8 38. Rh8+ Bf8 39. Rxb7 c5 40. dxc5 Rc8 41. c6 Rxc6 42. Rb8+ Kd7 43. Rbxf8 Rc2+ 44. Kg3 Rxb2 45. Rd8+ Ke7 46. Rhe8+ Kf7 47. Rf8+ Ke7 48. Kh4 Rb4 49. Kg5 Rxa4 50. Kxf5 1-0


[Site "https://www.chess.com"]